Map: Battle on the Boardwalk LE

Players

liquidthermy (uThermal)

  • Race: Terran Terran
  • League: Grandmaster
  • Spawn Location: 11:00

JJAKJI - Winner!

  • Race: Terran Terran
  • League: Platinum
  • Spawn Location: 1:00

Event: HomeStory Cup XVI

VOD

Have the link to the VOD?

Description

Time

  • Played on: Nov. 11, 2017, 3:43 p.m.
  • Length: 4:55

All games in this series

Show
View Real Time Build Order
Export as new Build Order

liquidthermy Terran 

Build Orders: Gas First Reaper Expand, Reaper Expand 

Get SALT Encoding   

  12  0:01  SCV  
  13  0:13  SCV  
  14  0:16  Supply Depot  
  14  0:25  SCV  
  14  0:27  Refinery  
  15  0:38  SCV  
  16  0:44  Barracks  
  16  0:50  SCV  
  17  1:02  SCV  
  18  1:14  SCV  
  19  1:30  Reaper, Orbital Command  
  20  1:48  Command Center  
  20  1:56  SCV  
  20  2:00  Factory  
  21  2:05  Reaper  
  22  2:11  Supply Depot  
  22  2:14  Refinery  
  22  2:16  SCV  
  23  2:28  SCV  
  23  2:40  SCV  
  23  2:47  Starport  
  23  2:48  Hellion, Barracks Tech Lab  
  25  2:52  SCV  
  26  3:04  SCV  
  27  3:09  Hellion  
  29  3:16  SCV  
  29  3:23  Orbital Command  
  29  3:28  SCV  
  29  3:30  Cyclone  
  33  3:40  Raven, SCV  
  36  3:45  Supply Depot  
  36  3:49  Barracks Reactor  
  36  3:53  SCV x2  
  38  4:05  Supply Depot, SCV x2  
  38  4:08  Cyclone  
  43  4:17  SCV x2  
  45  4:29  SCV x2  
  48  4:41  SCV x2  
Show
View Real Time Build Order
Export as new Build Order

JJAKJI Terran - Winner!

Build Orders: Cyclone Opening, Gas First Reaper Expand, Reaper Expand 

Get SALT Encoding   

  12  0:00  SCV  
  13  0:12  SCV  
  14  0:17  Supply Depot  
  14  0:25  SCV  
  14  0:28  Refinery  
  15  0:38  SCV  
  16  0:44  Barracks  
  16  0:50  SCV  
  17  1:02  SCV  
  18  1:15  SCV  
  19  1:31  Reaper  
  19  1:32  Orbital Command  
  20  1:50  Command Center  
  20  1:57  SCV  
  20  2:00  Factory  
  21  2:06  Barracks Reactor  
  21  2:09  Refinery  
  21  2:12  SCV  
  22  2:19  Supply Depot  
  22  2:28  SCV  
  23  2:40  SCV  
  23  2:43  Marine x2  
  26  2:44  Cyclone  
  29  2:52  SCV  
  29  2:57  Starport  
  30  3:04  SCV  
  30  3:06  Orbital Command  
  30  3:09  Marine  
  30  3:10  Marine  
  32  3:17  SCV  
  33  3:23  Cyclone  
  36  3:27  Marine  
  36  3:29  SCV, Marine  
  36  3:33  Medivac  
  41  3:40  SCV  
  41  3:41  SCV  
  43  3:44  Supply Depot  
  43  3:46  Marine  
  43  3:47  Marine  
  45  3:52  SCV  
  46  3:58  Factory Tech Lab  
  46  4:00  Supply Depot  
  46  4:05  Marine x2  
  46  4:06  SCV  
  46  4:07  Viking  
  51  4:23  SCV x2, Marine x2  
  58  4:35  Barracks  
  58  4:36  Barracks  
  58  4:42  Supply Depot  
Tags
 
Add a new tag
Caveats
  • Supply blocks, unpowered buildings, or Contaminate may cause inaccurate times.
  • Supply counts are checked every 10 seconds.